 Dungeon Sprint DCSS version 0.27.0-65-ge2af304b15 (webtiles) character file.

Game seed: 6321480941641980851

43802 ABBCCCDDDD the Warrior (level 13, -15/211 HPs)
             Began as a Minotaur Berserker on Aug 18, 2021.
             Was the Champion of Trog.
             Demolished by Gloorx Vloq (16 damage)
             ... in the Dungeon (Sprint II: "The Violet Keep of Menkaure").
             The game lasted 00:20:29 (3910 turns).

ABBCCCDDDD the Warrior (Minotaur Berserker)         Turns: 3910, Time: 00:20:30

Health: -15/211    AC: 30    Str: 36    XL:     13   Next: 92%
Magic:  12/12      EV:  9    Int:  2    God:    Trog [******]
Gold:   1152       SH: 30    Dex:  5    Spells: 12/12 levels left

rFire    + + +     SeeInvis +   n - +7 broad axe (flame)
rCold    + + .     Faith    .   j - +2 tower shield "Xupulif" {Rampage}
rNeg     + + .     Spirit   .   t - +3 gold dragon scales
rPois    +         Reflect  +   (helmet restricted)
rElec    +         Harm     .   s - scarf {repulsion}
rCorr    .         Rampage  +   (no gloves)
Will     +++..     Rnd*Rage +   m - +2 pair of boots of Mumblety Peg {rF+ rN+} Stlth ..........NoTele +
                                k - amulet of Engu {Reflect rElec Str+3 SH+5 Stlth+}
HPRegen  1.45/turn              p - ring of Roepayh {rElec rC+ rN+ Str+6 Stlth+}
MPRegen  0.13/turn              b - ring "Dimok" {rF+ Will+ Dex-5 SInv}

@: berserking, lethally poisoned (-15 -> -15), strong-willed, regenerating,
slowed, repel missiles
A: horns 2, retaliatory headbutt, berserk 1, dopey 1
a: Renounce Religion, Berserk, Trog's Hand, Brothers in Arms


You were in the Dungeon.
You worshipped Trog.
Trog was exalted by your worship.
You visited 1 branch You collected 4321 gold pieces.
You spent 3169 gold pieces at shops.

Inventory:

Hand Weapons
 n - a +7 broad axe of flaming (weapon)
Armour
 j - the +2 tower shield "Xupulif" (worn) {Rampage}
   (You acquired it in the Dungeon)

   Rampage:   It bestows one free step when moving towards enemies.
 m - the +2 pair of boots of Mumblety Peg (worn) {rF+ rN+}
   (You bought it in a shop in the Dungeon)

   rF:        It protects you from fire.
   rN:        It protects you from negative energy.
 s - a scarf of repulsion (worn)
 t - +3 gold dragon scales (worn)
Jewellery
 b - the ring "Dimok" (right hand) {rF+ Will+ Dex-5 SInv}
   (You bought it in a shop in the Dungeon)

   [ring of protection from fire]

   Dex:       It affects your dexterity (-5).
   rF:        It protects you from fire.
   SInv:      It lets you see invisible.
   Will:      It increases your willpower.
 k - the amulet of Engu (around neck) {Reflect rElec Str+3 SH+5 Stlth+}
   (You acquired it in the Dungeon)

   [amulet of reflection]

   It reflects blocked missile attacks.
   Str:       It affects your strength (+3).
   rElec:     It insulates you from electricity.
   SH:        It affects your SH (+5).
   Stlth:     It makes you more stealthy.
 p - the ring of Roepayh (left hand) {rElec rC+ rN+ Str+6 Stlth+}
   (You acquired it in the Dungeon)

   [ring of strength]

   Str:       It affects your strength (+6).
   rC:        It protects you from cold.
   rElec:     It insulates you from electricity.
   rN:        It protects you from negative energy.
   Stlth:     It makes you more stealthy.
 q - an amulet of regeneration
 y - a ring of ice
Wands
 l - a wand of flame (17)
Scrolls
 e - a scroll of magic mapping
 r - a scroll of immolation
 v - a scroll of torment
 w - a scroll of brand weapon
 x - a scroll of summoning
Potions
 a - a potion of haste
 c - 8 potions of flight
 d - a potion of heal wounds
 f - 16 potions of magic
 g - 2 potions of berserk rage
 i - 3 potions of mutation {unknown}
 o - 6 potions of resistance
 u - a potion of ambrosia
 z - 2 potions of curing
 A - a potion of might
 C - a potion of cancellation
Miscellaneous
 B - a condenser vane (inert)
 D - a lightning rod (4/4)


   Skills:
 + Level 20.8 Fighting
 - Level 18.0 Axes
 + Level 20.8 Armour
 + Level 19.3 Dodging
 * Level 17.1 Shields


You had 12 spell levels left.
You didn't know any spells.
Your spell library contained the following spells:

 Spells                   Type           Power      Damage    Failure   Level
 Stone Arrow              Conj/Erth      0%         3d7       100%        3
 Bolt of Magma            Conj/Fire/Erth 0%         4d4       100%        5
 Borgnjor's Vile Clutch   Necr/Erth      0%         N/A       100%        5
 Statue Form              Tmut/Erth      0%         N/A       100%        6


Dungeon Overview and Level Annotations

Branches:
Dungeon (1/1)

Altars:
Cheibriados
Dithmenos
Elyvilon
Fedhas
Gozag
Hepliaklqana
Kikubaaqudgha
Makhleb
Nemelex Xobeh
Okawaru
Qazlal
Ru
Sif Muna
Trog
Uskayaw
Vehumet
Wu Jian
Xom
Yredelemnul
Zin
The Shining One
Beogh
Jiyva
Lugonu

Shops:
D *[[(:[*[:[*:=?(*:(=:=?[=:!!!:*=

Annotations:
D exclusion: oklob plant, Gloorx Vloq


Innate Abilities, Weirdness & Mutations

You have a pair of horns on your head.
You reflexively headbutt those who attack you in melee.
You tend to lose your temper in combat.
You are dopey. (Int -2)


Message History

You block the Executioner's attack. x7
The Executioner hits you but does no damage.
Gloorx Vloq gestures at you.
The foul vapour engulfs you but does no damage.
The Executioner hits you but does no damage. x2
The Executioner hits you.
Your jackal is engulfed in dark miasma.
Your jackal is poisoned.
Your jackal dies!
Your jackal's corpse dissolves into shadows!
The Executioner hits you!
* * * LOW HITPOINT WARNING * * *
The Executioner hits you but does no damage.
The Executioner barely misses you.
Gloorx Vloq calls on the powers of darkness!
Your body is wracked with pain!
* * * LOW HITPOINT WARNING * * *
Your jackal convulses!
Your goblin convulses!
The Executioner hits you.
* * * LOW HITPOINT WARNING * * *
The Executioner closely misses you. x2
Okay, then.
Okay, then.
Okay, then.
A red film seems to cover your vision as you go berserk!
You feel yourself moving faster!
You feel mighty!
You are engulfed in dark miasma.
You feel as though you will be slow longer.
* * * LOW HITPOINT WARNING * * *
You feel sick. You block the Executioner's attack. x2
The Executioner completely misses you. The Executioner hits you!
* * * LOW HITPOINT WARNING * * *
The Executioner closely misses you.
The Executioner hits you but does no damage.
The Executioner hits you!
* * * LOW HITPOINT WARNING * * *
The Executioner hits you but does no damage.
You block the Executioner's attack.
The Executioner hits you but does no damage.
You block the Executioner's attack. x2; Gloorx Vloq hits you!
You die...

############ #.[[.# ▓▓▓
#.∩∩∩∩'≈'[.###..[}##▓ .°+
#######.####(..(...°▓ .z▓
#..####'####.....[V°▓ ..▓ ▓▓▓
'.##§§§≈≈..##⌠....#°▓▓ ○.▓ ..▓
###≈≈≈§§≈§≈≈##....#°&▓▓▓V▓▓▓▓.▓
.'≈§§§≈§§§§≈.##†'##°.V'○○.▓0..▓
###≈≈≈≈≈§§§≈##≈11&###.#z°○▓▓▓▓▓▓▓
.≈##≈≈≈≈≈≈§##)≈°@°..#§#..○▓≈≈≈§§≈
#≈≈#§''#'''#####°°°.#.##}|▓▓▓▓▓▓▓
≈≈≈§≈.≈≈≈...#..g°h..#..#[=▓.(....
≈≈≈≈§##'##≈.#..####^#..#}°▓......
≈≈≈≈##.#.##.####..')##.#:|▓[..(..
≈≈≈≈#..#..#....#..#...####▓[)[.).
≈≈.###...####..#####..##.#▓.[....
≈#).###'###.##..#..'..#..#▓(...(.
≈#))###.##.#.#..#.(#..#))#▓[..[|.


You could see Gloorx Vloq, a vampire knight (invisible), 2 Executioners, a
friendly jackal (summoned) and a friendly goblin (summoned).

Levels and vault maps discovered:
D:        the_violet_keep_of_menkaure [sprint2_stairs_cluster_1,
          sprint2_shoproom, sprint2_temple, sprint2_basic_supplies,
          sprint2_obstacle_1, sprint2_obstacle_3, sprint2_obstacle_6,
          sprint2_obstacle_7, sprint2_obstacle_4, sprint2_timed_cluster_1,
          sprint2_smallroom_cluster_1, sprint2_smallroom_final_cluster_1,
          sprint2_transparent_cluster_1, sprint2_second_timed_cluster_1,
          sprint2_sniper_area_1, sprint2_heavy_combat_area_1,
          sprint2_mutation_trap_area_1, sprint2_forest_area_1,
          sprint2_light_combat_area_1, sprint2_behind_water_1,
          sprint2_near_end_vault_1]

Notes
Turn   | Place    | Note
-------+----------+-------------------------------------------
     0 | D        | ABBCCCDDDD the Minotaur Berserker began the quest for the
                  | Orb.
     0 | D        | Reached XP level 1. HP: 19/19 MP: 0/0
     1 | D        | Noticed a necrophage
     1 | D        | Noticed a necrophage
     1 | D        | Noticed a necrophage
     1 | D        | Noticed a necrophage
     5 | D        | Killed a necrophage
     6 | D        | Reached skill level 5 in Armour
     6 | D        | Reached skill level 5 in Dodging
     6 | D        | Reached XP level 2. HP: 30/30 MP: 1/1
     6 | D        | Reached XP level 3. HP: 37/37 MP: 2/2
     6 | D        | Reached XP level 4. HP: 44/44 MP: 3/3
     8 | D        | Killed a necrophage
     9 | D        | Reached XP level 5. HP: 52/52 MP: 4/4
    10 | D        | Killed a necrophage
    10 | D        | Reached ** piety under Trog
    13 | D        | Killed a necrophage
    14 | D        | Reached XP level 6. HP: 62/62 MP: 5/5
    22 | D        | Killed a water moccasin
    65 | D        | Reached *** piety under Trog
   115 | D        | Reached XP level 7. HP: 71/71 MP: 6/6
   161 | D        | Noticed a wyvern
   161 | D        | Noticed a wyvern
   164 | D        | Killed a wyvern
   165 | D        | Reached skill level 10 in Fighting
   165 | D        | Reached skill level 10 in Axes
   165 | D        | Reached skill level 10 in Armour
   166 | D        | Killed a wyvern
   171 | D        | Noticed Menkaure
   215 | D        | Identified Roxanne's Reference Book on Clay
   215 | D        | Noticed Roxanne
   232 | D        | Killed Menkaure
   232 | D        | Reached **** piety under Trog
   314 | D        | Reached XP level 8. HP: 82/82 MP: 7/7
   369 | D        | Found Bameebip's Distillery.
   370 | D        | Found Byruiwn's Distillery.
   370 | D        | Found Conaf's Antique Armour Shop.
   370 | D        | Found Decoen's Jewellery Shop.
   370 | D        | Found Xobb's Jewellery Boutique.
   370 | D        | Found Lisool's Magic Scroll Boutique.
   370 | D        | Found Poqastus's Assorted Antiques.
   371 | D        | Found Color's Jewellery Shop.
   371 | D        | Found Wubimy's Book Boutique.
   372 | D        | Found Utzel's Book Boutique.
   373 | D        | Found Lyazy's Book Shop.
   373 | D        | Found Wyphed's Armour Boutique.
   373 | D        | Noticed an oklob plant
   374 | D        | Found Ughudauf's Antique Weapon Shop.
   374 | D        | Found Xobb's Antique Armour Boutique.
   374 | D        | Found Refrypn's Book Shoppe.
   374 | D        | Noticed a manticore
   374 | D        | Noticed a manticore
   374 | D        | Noticed a manticore
   380 | D        | Reached ***** piety under Trog
   381 | D        | Reached skill level 10 in Dodging
   527 | D        | Bought a glowing kite shield for 157 gold pieces
   542 | D        | Bought a +10 plate armour of ponderousness for 600 gold
                  | pieces
   553 | D        | Bought a pair of runed boots for 180 gold pieces
   575 | D        | Reached skill level 1 in Shields
   579 | D        | Noticed a flying skull
   580 | D        | Noticed a flying skull
   580 | D        | Noticed a flying skull
   583 | D        | Noticed a flying skull
   583 | D        | Noticed a flying skull
   584 | D        | Noticed a flying skull
   584 | D        | Noticed a flying skull
   584 | D        | Noticed a flying skull
   584 | D        | Noticed a flying skull
   584 | D        | Noticed a flying skull
   585 | D        | Noticed a flying skull
   585 | D        | Noticed a flying skull
   602 | D        | Killed a flying skull
   603 | D        | Killed a flying skull
   604 | D        | Killed a flying skull
   608 | D        | Killed a flying skull
   616 | D        | Killed a flying skull
   616 | D        | Received a gift from Trog
   617 | D        | Reached skill level 5 in Shields
   617 | D        | Reached XP level 9. HP: 90/90 MP: 8/8
   635 | D        | Received a gift from Trog
   835 | D        | Found a glowing golden altar of the Shining One.
   835 | D        | Found an ornate altar of the Wu Jian Council.
   836 | D        | Found a shimmering altar of Xom.
   836 | D        | Found a sacrificial altar of Ru.
   837 | D        | Found a basalt altar of Yredelemnul.
   837 | D        | Found a shimmering blue altar of Sif Muna.
   838 | D        | Found a glowing silver altar of Zin.
   838 | D        | Found a bloodstained altar of Trog.
   838 | D        | Found an ancient bone altar of Kikubaaqudgha.
   838 | D        | Found a stormy altar of Qazlal.
   838 | D        | Found a viscous altar of Jiyva.
   839 | D        | Found a hide-covered altar of Uskayaw.
   839 | D        | Found a corrupted altar of Lugonu.
   839 | D        | Found a shadowy altar of Dithmenos.
   840 | D        | Found a radiant altar of Vehumet.
   840 | D        | Found a burning altar of Makhleb.
   840 | D        | Found a white marble altar of Elyvilon.
   841 | D        | Found a sparkling altar of Nemelex Xobeh.
   841 | D        | Found a blossoming altar of Fedhas.
   842 | D        | Found an iron altar of Okawaru.
   842 | D        | Found an opulent altar of Gozag.
   842 | D        | Noticed a polar bear
   842 | D        | Noticed a polar bear
   842 | D        | Noticed a polar bear
   849 | D        | Killed a polar bear
   851 | D        | Killed a polar bear
   854 | D        | Killed a polar bear
   855 | D        | Noticed a yaktaur
   856 | D        | Paralysed by a hornet for 2 turns
   862 | D        | Killed a yaktaur
   863 | D        | Reached XP level 10. HP: 81/101 MP: 9/9
   936 | D        | Found a hazy altar of Hepliaklqana.
   936 | D        | Found a snail-covered altar of Cheibriados.
   962 | D        | Noticed an obsidian statue
   978 | D        | Noticed a kraken
  1250 | D        | Noticed a death drake
  1269 | D        | Killed a death drake
  1269 | D        | Received a gift from Trog
  1271 | D        | Reached ****** piety under Trog
  1273 | D        | HP: 2/102 [poisoned by a swamp drake (noxious blast)]
  1563 | D        | Noticed a death drake
  1563 | D        | Noticed a crystal guardian
  1572 | D        | Killed a death drake
  1580 | D        | Killed a crystal guardian
  1581 | D        | Reached skill level 10 in Shields
  1652 | D        | Noticed a death yak
  1657 | D        | Killed a death yak
  1842 | D        | Received a gift from Trog
  1941 | D        | Noticed a deep elf master archer
  1989 | D        | Killed a kraken
  1990 | D        | Reached skill level 15 in Fighting
  1990 | D        | Reached skill level 15 in Axes
  1990 | D        | Reached skill level 15 in Armour
  1990 | D        | Reached XP level 11. HP: 112/112 MP: 10/10
  2165 | D        | Bought a scroll of identify for 20 gold pieces
  2165 | D        | Bought a scroll of identify for 20 gold pieces
  2165 | D        | Bought a scroll of identify for 20 gold pieces
  2165 | D        | Bought a scroll of identify for 20 gold pieces
  2166 | D        | Identified a scroll of acquirement
  2167 | D        | Acquired the ring of Roepayh {rElec rC+ rN+ Str+6 Stlth+}
  2180 | D        | Bought a scroll of enchant weapon for 75 gold pieces
  2180 | D        | Bought a scroll of enchant weapon for 75 gold pieces
  2180 | D        | Bought a scroll of blinking for 75 gold pieces
  2269 | D        | Noticed a deep troll
  2269 | D        | Noticed a deep troll
  2275 | D        | Killed a deep troll
  2276 | D        | Killed a deep troll
  2348 | D        | Noticed a sphinx
  2348 | D        | Noticed a sphinx
  2353 | D        | Killed a sphinx
  2353 | D        | Received a gift from Trog
  2356 | D        | Killed a sphinx
  2529 | D        | Reached skill level 15 in Dodging
  2705 | D        | Noticed a centaur warrior
  2705 | D        | Noticed Kirke
  2705 | D        | Noticed a cacodemon
  2705 | D        | Noticed a skeletal warrior
  2705 | D        | Noticed a yaktaur captain
  2705 | D        | Noticed a bone dragon
  2724 | D        | Killed a yaktaur captain
  2724 | D        | Received a gift from Trog
  2730 | D        | Noticed a deep elf high priest
  2734 | D        | Noticed a storm dragon
  2738 | D        | Killed a skeletal warrior
  2741 | D        | Killed a cacodemon
  2742 | D        | Reached XP level 12. HP: 124/124 MP: 11/11
  2743 | D        | Killed a bone dragon
  2746 | D        | Noticed a frost giant
  2749 | D        | Killed a deep elf high priest
  2751 | D        | Killed Kirke
  2757 | D        | Killed a storm dragon
  2762 | D        | Killed a centaur warrior
  2762 | D        | Received a gift from Trog
  2764 | D        | Killed a frost giant
  2765 | D        | Reached skill level 15 in Shields
  2937 | D        | Bought a potion of curing for 39 gold pieces
  2937 | D        | Bought a potion of haste for 130 gold pieces
  2937 | D        | Bought a potion of resistance for 130 gold pieces
  2940 | D        | Bought the ring "Dimok" {rF+ Will+ Dex-5 SInv} for 344 gold
                  | pieces
  2948 | D        | Noticed a golden dragon
  2964 | D        | Killed a golden dragon
  2965 | D        | Reached XP level 13. HP: 136/136 MP: 12/12
  3060 | D        | Noticed a fire dragon
  3066 | D        | Received a gift from Trog
  3071 | D        | Killed a fire dragon
  3219 | D        | Found Boudd's General Store.
  3219 | D        | Found Befoi's Armour Shop.
  3219 | D        | Found Pefearyh's Antique Armour Shop.
  3219 | D        | Found Kuismufo's Assorted Antiques.
  3219 | D        | Found Kaeppe's Assorted Antiques.
  3220 | D        | Found Leiluw's Armour Shoppe.
  3220 | D        | Found Sat Esma's Magic Scroll Boutique.
  3220 | D        | Found Ropufiubb's Book Emporium.
  3220 | D        | Found Danahyn's Book Shop.
  3220 | D        | Found Vipegas's Antique Weapon Emporium.
  3220 | D        | Found Ozyl's Weapon Shop.
  3220 | D        | Found Gaasiasoa's Jewellery Shoppe.
  3223 | D        | Bought the +2 pair of boots of Mumblety Peg {rF+ rN+} for
                  | 359 gold pieces
  3290 | D        | Killed Roxanne
  3339 | D        | Found Ughoick's Jewellery Boutique.
  3339 | D        | Found Toegreng's Assorted Antiques.
  3339 | D        | Found Ojojoinefyi's Book Shop.
  3339 | D        | Found Namuarch's Distillery.
  3339 | D        | Noticed a storm dragon
  3353 | D        | Killed a storm dragon
  3353 | D        | Received a gift from Trog
  3403 | D        | Bought a potion of heal wounds for 55 gold pieces
  3409 | D        | Noticed a golden dragon
  3416 | D        | Killed a golden dragon
  3444 | D        | Acquired 1140 gold pieces
  3445 | D        | Acquired the +2 tower shield "Xupulif" {Rampage}
  3446 | D        | Acquired the amulet of Engu {Reflect rElec Str+3 SH+5
                  | Stlth+}
  3491 | D        | Bought a scroll of blinking for 97 gold pieces
  3491 | D        | Bought a scroll of summoning for 123 gold pieces
  3542 | D        | Bought a scroll of enchant armour for 75 gold pieces
  3546 | D        | Bought a scroll of identify for 48 gold pieces
  3546 | D        | Bought a scroll labelled IFUNOD WIQ OWK for 24 gold pieces
  3546 | D        | Bought a scroll of enchant armour for 180 gold pieces
  3547 | D        | Bought a scroll of identify for 48 gold pieces
  3579 | D        | Bought a scroll of identify for 38 gold pieces
  3580 | D        | Bought a scroll of identify for 38 gold pieces
  3583 | D        | Bought a scroll of enchant armour for 157 gold pieces
  3583 | D        | Bought a scroll of identify for 42 gold pieces
  3717 | D        | Killed a deep elf master archer
  3736 | D        | Received a gift from Trog
  3736 | D        | Gained mutation: You tend to lose your temper in combat. [a
                  | shining eye]
  3741 | D        | Gained mutation: Your spells are a little easier to cast,
                  | but a little less powerful. [a shining eye]
  3744 | D        | Lost mutation: Your spells are a little easier to cast, but
                  | a little less powerful. [a shining eye]
  3745 | D        | Gained mutation: You are dopey. (Int -2) [a shining eye]
  3823 | D        | Noticed an electric golem
  3828 | D        | Killed an electric golem
  3830 | D        | Received a gift from Trog
  3898 | D        | Noticed a curse toe
  3898 | D        | Noticed Gloorx Vloq
  3898 | D        | Noticed a vampire knight
  3900 | D        | Noticed an Executioner
  3900 | D        | Noticed an Executioner
  3910 | D        | HP: 1/211 [Executioner[Gloorx Vloq] (12)]
  3910 | D        | Demolished by Gloorx Vloq

Table legend: (Time is in decaauts)
 A = Elapsed time spent in this place.
 B = Non-inter-level travel time spent in this place.
 C = Inter-level travel time spent in this place.
 D = Time resting spent in this place.
 E = Time spent auto-exploring this place.
 F = Levels seen in this place.
 G = Mean time per level.
                   A        B        C        D        E       F      G
               +--------+--------+--------+--------+--------+-----+--------+
         Total |   4293 |   4114 |    179 |   2505 |      0 |   1 | 4293.0 |
       Dungeon |   4293 |   4114 |    179 |   2505 |      0 |   1 | 4293.0 |
               +--------+--------+--------+--------+--------+-----+--------+

Top non-repeatable levels by time:
       D: 4293 daAuts

Table legend:
 A = Kills in this place as a percentage of kills in entire the game.
 B = Kills by you in this place as a percentage of kills by you in the entire game.
 C = Kills by friends in this place as a percentage of kills by friends in the entire game.
 D = Other kills in this place as a percentage of other kills in the entire game.
 E = Experience gained in this place as a percentage of experience gained in the entire game.
 F = Experience gained in this place divided by the number of levels of this place that you have seen.
                   A       B       C       D       E      F
               +-------+-------+-------+-------+-------+----------------------
         Total | 100.0 | 100.0 |   N/A | 100.0 | 100.0 | 62575.0
       Dungeon | 100.0 | 100.0 |   N/A | 100.0 | 100.0 | 62575.0
               +-------+-------+-------+-------+-------+----------------------

Action                   |  1- 3 |  4- 6 |  7- 9 | 10-12 | 13-15 || total
-------------------------+-------+-------+-------+-------+-------++-------
Melee: Hand axe          |     3 |    15 |    72 |       |       ||    90
       Headbutt          |     1 |     1 |    13 |    35 |    30 ||    80
       Broad axe         |       |       |    14 |   144 |   101 ||   259
Invok: Berserk           |     1 |     2 |     6 |    12 |     7 ||    28
       Trog's Hand       |       |       |     1 |     6 |     8 ||    15
       Brothers in Arms  |       |       |       |       |     1 ||     1
Evoke: Condenser vane    |       |       |       |       |     1 ||     1
  Use: Potion            |       |       |       |     3 |     2 ||     5
       Scroll            |       |       |       |    15 |    14 ||    29
 Stab: Distracted        |       |       |       |       |     2 ||     2
Armor: Animal skin       |       |     1 |       |       |       ||     1
       Plate armour      |       |       |    53 |   115 |    23 ||   191
       Gold dragon scale |       |       |       |       |    31 ||    31
Dodge: Dodged            |     1 |     6 |    23 |    59 |    29 ||   118
       Repelled          |       |       |       |     1 |     3 ||     4
Block: Kite shield       |       |       |    48 |    81 |    15 ||   144
       Tower shield      |       |       |       |       |    63 ||    63
       Reflection        |       |       |       |       |     5 ||     5

Vanquished Creatures
  A bone dragon (D)
  2 golden dragons (D)
  An electric golem (D)
  A deep elf master archer (D)
  2 sphinxes (D)
  A kraken (D)
  2 storm dragons (D)
  Roxanne (D)
  A frost giant (D)
  A cacodemon (D)
  A crystal guardian (D)
  A yaktaur captain (D)
  A fire dragon (D)
  A deep elf high priest (D)
  An ice dragon (D)
  A centaur warrior (D)
  An iron elemental (D)
  A death yak (D)
  2 hell hogs (D)
  An iron golem (D)
  2 death drakes (D)
  A skeletal warrior (D)
  2 deep trolls (D)
  3 shining eyes (D)
  2 slime creatures (D)
  A toenail golem (D)
  An elephant (D)
  2 unseen horrors (D)
  2 cane toads (D)
  A kobold demonologist (D)
  A yaktaur (D)
  5 polar bears (D)
  A hornet (D)
  12 flying skulls (D)
  2 redbacks (D)
  3 yaks (D)
  4 wyverns (D)
  Menkaure (D)
  4 water moccasins (D)
  2 swamp drakes (D)
  5 necrophages (D)
  5 scorpions (D)
  2 earth elementals (D)
  An iron imp (D)
  3 worms (D)
  2 spectral bats (D)
  7 tentacles (D)
101 creatures vanquished.

Vanquished Creatures (others)
  Kirke (D)
  A water moccasin (D)
  16 tentacles (D)
18 creatures vanquished.

Grand Total: 119 creatures vanquished
